 Dungeon Crawl Stone Soup version 0.28.0 (webtiles) character file.

Game seed: 3318131879440072201

87 Ablot the Grasshopper (level 4, -3/38 HPs)
             Began as a Gnoll Warper on Feb 18, 2022.
             Slain by a gnoll (12 damage)
             ... on level 2 of the Dungeon.
             The game lasted 00:02:31 (2506 turns).

Ablot the Grasshopper (Gnoll Warper)                Turns: 2506, Time: 00:02:32

Health: -3/38      AC:  4    Str: 18    XL:     4   Next: 51%
Magic:  20/20      EV: 13    Int: 12    God:
Gold:   42         SH:  0    Dex: 12    Spells: 11/13 levels left

rFire   . . .      SeeInvis .   f - +3 short sword
rCold   . . .      Faith    .   (no shield)
rNeg    . . .      Spirit   .   b - +0 leather armour
rPois   .          Reflect  .   (no helmet)
rElec   .          Harm     .   (no cloak)
rCorr   .          Rampage  .   g - +0 pair of gloves
Will    .....                   (no boots)
Stlth   +.........              (no amulet)
HPRegen 0.12/turn               l - +6 ring of strength
MPRegen 0.17/turn               m - ring of magical power

@: no status effects
A: fangs 1, strong nose, distributed training
a: no special abilities


You were on level 2 of the Dungeon.
You visited 1 branch of the dungeon, and saw 3 of its levels.

You collected 42 gold pieces.

Inventory:

Hand Weapons
 a - a +0 spear
 f - a +3 short sword (weapon)
Missiles
 d - 5 boomerangs of dispersal (quivered)
 e - 32 stones
 j - 46 arrows
 n - 42 bolts
Armour
 b - a +0 leather armour (worn)
 g - a +0 pair of gloves (worn)
Jewellery
 l - a +6 ring of strength (left hand)
 m - a ring of magical power (right hand)
Wands
 r - a wand of charming (6)
Scrolls
 c - a scroll of blinking
 o - a scroll of brand weapon {unknown}
 p - 2 scrolls of identify {unknown}
Potions
 h - a potion of haste {unknown}
 i - a potion of curing {unknown}
 k - 2 potions of might {unknown}
 q - 2 potions of heal wounds {unknown}


   Skills:
 + Level 4.6 Fighting
 + Level 1.1 Short Blades
 + Level 1.1 Long Blades
 + Level 1.1 Axes
 + Level 1.1 Maces & Flails
 + Level 4.6 Polearms
 + Level 1.1 Staves
 + Level 1.1 Slings
 + Level 1.1 Bows
 + Level 1.1 Crossbows
 + Level 2.7 Throwing
 + Level 2.7 Armour
 + Level 4.6 Dodging
 + Level 1.1 Stealth
 + Level 1.1 Shields
 + Level 1.1 Unarmed Combat
 + Level 5.1 Spellcasting
 + Level 0.9 Conjurations
 + Level 0.9 Hexes
 + Level 0.9 Summonings
 + Level 0.9 Necromancy
 + Level 5.4 Translocations
 + Level 0.9 Transmutations
 + Level 0.9 Fire Magic
 + Level 0.9 Ice Magic
 + Level 0.9 Air Magic
 + Level 0.9 Earth Magic
 + Level 0.9 Poison Magic
 + Level 1.2 Invocations
 + Level 1.1 Evocations


You had 11 spell levels left.
You knew the following spells:

 Your Spells              Type           Power      Damage    Failure   Level
a - Blink                 Tloc           32%        N/A       3%          2

Your spell library contained the following spells:

 Spells                   Type           Power      Damage    Failure   Level
 Gell's Gravitas          Tloc           16%        N/A       8%          3
 Lesser Beckoning         Tloc           16%        N/A       8%          3
 Teleport Other           Tloc           16%        N/A       8%          3
 Manifold Assault         Tloc           16%        N/A       56%         5


Dungeon Overview and Level Annotations

Branches:
Dungeon (3/15)

Altars:


Innate Abilities, Weirdness & Mutations

You have very sharp teeth.
Your uncanny sense of smell can sniff out nearby items.
Your experience applies equally to all skills.


Message History

You climb upwards.
There is a stone staircase leading down here.
The gnoll hits you with a +0 flail. The gnoll barely misses you.
You enter the shallow water.
Moving in this stuff is going to be slow.
The gnoll closely misses you.
You hit the gnoll.
The gnoll is heavily wounded.
You closely miss the gnoll.
The gnoll is heavily wounded.
The gnoll splashes around in the water.
You closely miss the gnoll.
The gnoll is heavily wounded.
The gnoll splashes around in the water.
The gnoll barely misses you.
You hit the gnoll.
The gnoll is severely wounded.
The gnoll hits you from afar with a +0 spear.
The gnoll hits you with a +0 flail!
You completely miss the gnoll.
The gnoll is severely wounded.
The gnoll hits you from afar with a +0 spear.
The gnoll hits you with a +0 flail.
* * * LOW HITPOINT WARNING * * *
Unknown command.
You barely miss the gnoll.
The gnoll is severely wounded.
The gnoll closely misses you. x2
You barely miss the gnoll. Your bite misses the gnoll.
The gnoll is severely wounded.
The gnoll closely misses you. The gnoll barely misses you.
You hit the gnoll.
The gnoll is almost dead.
The gnoll misses you. The gnoll barely misses you.
Unknown command.
You completely miss the gnoll.
The gnoll is almost dead.
The gnoll hits you from afar with a +0 spear.
* * * LOW HITPOINT WARNING * * *
The gnoll hits you with a +0 flail!
You die...

#.##.≈.≈##≈..........
#≈#....≈#≈≈..........
#.'≈.≈≈≈#............
#.'≈≈≈._≈............
#.'.≈≈≈≈#≈≈###......<
#≈#≈..≈≈#.≈# #....>..
#.#≈≈≈.≈##.# #.......
#..####≈≈#≈# #.......
###.@g#.8#≈# #.......
###≈####^###.......
#≈g≈.≈≈..........
#.......##.......
#################
######## #.......
#....... #.......


You could see 2 gnolls.

Vanquished Creatures
  Jessica (D:2)
  An adder (D:2)
  4 dart slugs (D:1)
  2 endoplasms (D:2)
  3 hobgoblins
  6 jackals
  A quokka (D:2)
  3 ball pythons
  5 bats (D:1)
  A frilled lizard (D:1)
  5 goblins
  9 kobolds
  A rat (D:2)
  A spectral hobgoblin (D:2)
43 creatures vanquished.

Notes
Turn   | Place    | Note
-------+----------+-------------------------------------------
     0 | D:1      | Ablot the Gnoll Warper began the quest for the Orb.
     0 | D:1      | Reached XP level 1. HP: 20/20 MP: 6/6
   134 | D:1      | Reached XP level 2. HP: 20/26 MP: 7/7
   141 | D:1      | Learned a level 2 spell: Blink
   765 | D:1      | Reached XP level 3. HP: 28/31 MP: 9/9
   865 | D:1      | Reached skill level 5 in Spellcasting
  1662 | D:2      | Reached skill level 1 in Invocations
  1785 | D:2      | Noticed Jessica
  1802 | D:2      | Killed Jessica
  1803 | D:2      | Reached skill level 1 in Short Blades
  1803 | D:2      | Reached skill level 1 in Long Blades
  1803 | D:2      | Reached skill level 1 in Axes
  1803 | D:2      | Reached skill level 1 in Maces & Flails
  1803 | D:2      | Reached skill level 1 in Staves
  1803 | D:2      | Reached skill level 1 in Slings
  1803 | D:2      | Reached skill level 1 in Bows
  1803 | D:2      | Reached skill level 1 in Crossbows
  1803 | D:2      | Reached skill level 1 in Stealth
  1803 | D:2      | Reached skill level 1 in Shields
  1803 | D:2      | Reached skill level 1 in Unarmed Combat
  1803 | D:2      | Reached skill level 1 in Evocations
  1803 | D:2      | Reached XP level 4. HP: 29/38 MP: 11/11
  2107 | D:2      | Found a faded altar of an unknown god.
  2506 | D:2      | Slain by a gnoll

Illustrated notes

Levels and vault maps discovered:
D:1:      minmay_arrival_split_and_join, layout_basic
D:2:      layout_basic, dreamdust_ecumenical_altar_drowned_temple,
          nicolae_concentric_dashed_squares_mild, uniq_jessica
D:3:      kennysheep_the_goblin_king, layout_loops_ring, lemuel_round_altar,
          roderic_serpentine_path, uniq_natasha

Skill      XL: |  1  2  3 |
---------------+----------+-----
Spellcasting   | 5 |  5.1
Invocations    | 1 |  1.2
Short Blades   | 1 |  1.1
Long Blades    | 1 |  1.1
Axes           | 1 |  1.1
Maces & Flails | 1 |  1.1
Staves         | 1 |  1.1
Slings         | 1 |  1.1
Bows           | 1 |  1.1
Crossbows      | 1 |  1.1
Stealth        | 1 |  1.1
Shields        | 1 |  1.1
Unarmed Combat | 1 |  1.1
Evocations     | 1 |  1.1
Fighting       | |  4.6
Polearms       | |  4.6
Throwing       | |  2.7
Armour         | |  2.7
Dodging        | |  4.6
Conjurations   | |  0.9
Hexes          | |  0.9
Summonings     | |  0.9
Necromancy     | |  0.9
Translocations | |  5.4
Transmutations | |  0.9
Fire Magic     | |  0.9
Ice Magic      | |  0.9
Air Magic      | |  0.9
Earth Magic    | |  0.9
Poison Magic   | |  0.9

Action                   |  1- 3 |  4- 6 || total
-------------------------+-------+-------++-------
Melee: Short sword       |    76 |    35 ||   111
       Spear             |     2 |       ||     2
       Bite              |     2 |     3 ||     5
       Punch             |     2 |       ||     2
 Stab: Sleeping          |       |     2 ||     2
Armor: Leather armour    |    20 |     9 ||    29
Dodge: Dodged            |    63 |    29 ||    92
